 Dungeon Crawl Stone Soup version 0.22.1-1-ga44c0e5 (webtiles) character file.

258 inc the Scratcher (level 5, -6/24 HPs)
             Began as a Felid Monk on Oct 30, 2018.
             Mangled by an ice beast (9 damage)
             ... on level 5 of the Dungeon.
             The game lasted 00:06:19 (5360 turns).

inc the Scratcher (Felid Monk)                      Turns: 5360, Time: 00:06:20

Health: -6/24      AC:  2    Str:  7    XL:     5   Next: 94%
Magic:  6/6        EV: 20    Int: 12    God:
Gold:   258        SH:  0    Dex: 20    Spells: 3/4 levels left
                                        Lives:  0   Deaths: 1

rFire    . . .     SeeInvis +     - Unarmed
rCold    . . .     Gourm    .   (shield unavailable)
rNeg     . . .     Faith    .   (armour unavailable)
rPois    .         Spirit   .   (helmet unavailable)
rElec    .         Reflect  .   (cloak unavailable)
rCorr    .         Harm     .   (gloves unavailable)
MR       .....                  (boots unavailable)
Stlth    +++.......             (no amulet)
HPRegen  0.08/turn              (no ring)
MPRegen  0.10/turn              (no ring)

@: quick
A: very small, no armour, no weapons or thrown items, stealth, claws 1, fangs 3,
see invisible, carnivore, speed 1, shaggy fur 2, slow metabolism 1, sharp paws
a: no special abilities


You were on level 5 of the Dungeon.
You were not hungry.

You visited 1 branch of the dungeon, and saw 5 of its levels.

You collected 258 gold pieces.

Inventory:

Jewellery
 i - a cursed -3 ring of strength {unknown}
 n - an uncursed ring of stealth {unknown}
 o - an uncursed ring of resist corrosion {unknown}
Scrolls
 c - 3 scrolls of teleportation {unknown}
 f - 2 scrolls of identify {unknown}
 g - 2 scrolls of magic mapping {unknown}
 h - 2 scrolls of remove curse {unknown}
 r - a scroll of enchant weapon {unknown}
Potions
 b - 2 potions of heal wounds {unknown}
 d - a potion of flight {unknown}
 e - a potion of cancellation {unknown}
 j - a potion of mutation {unknown}
 k - a potion of degeneration {unknown}
 l - a potion of agility {unknown}
 m - 2 potions of ambrosia {unknown}
 p - a potion of lignification {unknown}
 q - a potion of brilliance {unknown}
Comestibles
 a - 8 rations


   Skills:
 - Level 3.0 Fighting
 - Level 4.0 Dodging
 - Level 2.6 Stealth
 + Level 7.2 Unarmed Combat
 + Level 3.5 Hexes


You had 3 spell levels left.
You knew the following spells:

 Your Spells              Type           Power        Failure   Level  Hunger
a - Confusing Touch       Hex            #.....       8%          1    ##.....

Your spell library contained the following spells:

 Spells                   Type           Power        Failure   Level  Hunger
 Animate Skeleton         Necr           N/A          32%         1    ##.....
 Apportation              Tloc           #.....       32%         1    ##.....
 Summon Small Mammal      Summ           #...         32%         1    ##.....


Dungeon Overview and Level Annotations

Branches:
Dungeon (5/15)             Temple (0/1) D:5

Altars:
Ashenzari
Cheibriados
Trog
Vehumet
Wu Jian
Zin

Shops:
D:5 !


Innate Abilities, Weirdness & Mutations

You cannot wear armour.
You are incapable of wielding weapons or throwing items.
Your paws allow you to move quietly. (Stealth)
You have sharp claws.
You have razor-sharp teeth.
You have supernaturally acute eyesight. (SInv)
You are carnivorous and can eat meat at any time.
You cover ground quickly.
You are covered in thick fur. (AC +2)
You have a slow metabolism.
Your sharp claws are effective at attacking unaware monsters.


Message History

The ice beast barely misses you.
You scratch the ice beast.
The ice beast is severely wounded.
The ice beast completely misses you.
You closely miss the ice beast.
The ice beast is severely wounded.
The ice beast hits you. The ice beast freezes you!
* * * LOW HITPOINT WARNING * * *
You are too injured to fight recklessly!
You are too injured to fight recklessly!
You are too injured to fight recklessly!
You are too injured to fight recklessly!
You are too injured to fight recklessly!
You are too injured to fight recklessly!
You barely miss the ice beast. You claw the ice beast.
The ice beast is severely wounded.
The ice beast hits you.
* * * LOW HITPOINT WARNING * * *
The ice beast freezes you!
You die...

#.##..+ ##.#...#
##....#.# ###....†..#
#####....##...#
#.....#.###...#
####.#####.#.).#.#
..............##.#######'
.#########.#.###@.)......
## ####.#.# #Y####.###
#......###.####...
#..........%.......
.......≈≈≈≈≈.......
.....≈≈≈≈≈≈≈≈≈....#
...≈≈≈≈≈≈≈≈≈≈≈≈≈..#
#>.≈≈≈≈≈≈...≈≈≈≈≈≈".
#######
.........>.≈≈≈≈≈≈..
#......


You could see an ice beast.

Vanquished Creatures
  A phantom (D:4)
  Blork the orc (D:4)
  A crimson imp (D:5)
  A gnoll shaman (D:4)
  An iguana (D:4)
  A worker ant (D:4)
  8 gnolls
  5 adders
  An ooze (D:3)
  A worm (D:2)
  A dart slug (D:3)
  A leopard gecko (D:2)
  2 orcs
  A ball python (D:1)
  6 bats
  4 giant cockroaches
  4 goblins
  6 hobgoblins
  12 jackals
  5 quokkas
  4 frilled lizards
  5 kobolds
  4 rats
76 creatures vanquished.

Notes
Turn   | Place    | Note
-------+----------+-------------------------------------------
     0 | D:1      | inc the Felid Monk began the quest for the Orb.
     0 | D:1      | Reached XP level 1. HP: 10/10 MP: 2/2
   377 | D:1      | Reached XP level 2. HP: 14/14 MP: 3/3
   615 | D:2      | Reached skill level 4 in Unarmed Combat
   783 | D:2      | Reached XP level 3. HP: 15/17 MP: 4/4
  1927 | D:2      | Found a snail-covered altar of Cheibriados.
  1934 | D:2      | Found a bloodstained altar of Trog.
  1934 | D:2      | Found a glowing silver altar of Zin.
  1935 | D:2      | Found a shattered altar of Ashenzari.
  1936 | D:2      | Found a radiant altar of Vehumet.
  1939 | D:2      | Found an ornate altar of the Wu Jian Council.
  2086 | D:3      | Reached XP level 4. HP: 21/21 MP: 5/5
  2137 | D:3      | Reached skill level 5 in Unarmed Combat
  2295 | D:4      | Noticed Blork the orc
  2303 | D:4      | Killed Blork the orc
  2303 | D:4      | Reached skill level 6 in Unarmed Combat
  2303 | D:4      | Reached XP level 5. HP: 23/24 MP: 6/6
  2400 | D:4      | Noticed a phantom
  2442 | D:4      | Killed a phantom
  2674 | D:3      | Learned a level 1 spell: Confusing Touch
  2804 | D:3      | Gained mutation: You are covered in thick fur. (AC +2)
                  | [Felid growth]
  2804 | D:3      | Reached XP level 6. HP: 28/28 MP: 7/7
  3241 | D:3      | Reached skill level 1 in Hexes
  3899 | D:4      | Reached skill level 7 in Unarmed Combat
  5049 | D:5      | Entered Level 5 of the Dungeon
  5049 | D:5      | Found Ipha's Distillery.
  5054 | D:5      | Splashed by a jelly's acid
  5055 | D:5      | Reached XP level 5. HP: -2/24 MP: 6/6
  5256 | D:5      | Found a staircase to the Ecumenical Temple.
  5258 | D:5      | Noticed an ice beast
  5360 | D:5      | Mangled by an ice beast

Skill      XL: |  1  2  3  4  5  6 |
---------------+-------------------+-----
Unarmed Combat | 4 6 7 |  7.2
Hexes          | 3 |  3.5
Fighting       | |  3.0
Dodging        | |  4.0
Stealth        | |  2.6

Action                   |  1- 3 |  4- 6 || total
-------------------------+-------+-------++-------
Melee: Unarmed           |   101 |   176 ||   277
       Bite              |    13 |    14 ||    27
       Punch             |     5 |     5 ||    10
 Cast: Confusing Touch   |       |     6 ||     6
 Stab: Sleeping          |     9 |    10 ||    19
       Distracted        |     1 |       ||     1
       Confused          |       |     4 ||     4
  Eat: Chunk             |     2 |     3 ||     5
       Ration            |       |     1 ||     1
Armor: Skin              |     5 |     8 ||    13
Dodge: Dodged            |    85 |   113 ||   198
